 Dungeon Crawl Stone Soup version 0.24.1-8-ga250c9d538 (webtiles) character file.

Game seed: 1985458298978850895, levelgen mode: deterministic

12 nightchill the Bolt Thrower (level 2, -1/18 HPs)
             Began as a Kobold Hunter on May 6, 2020.
             Slain by a kobold
             ... wielding a +0 short sword
              (4 damage)
             ... on level 1 of the Dungeon.
             The game lasted 00:02:00 (426 turns).

nightchill the Bolt Thrower (Kobold Hunter)          Turns: 426, Time: 00:02:00

Health: -1/18      AC:  3    Str:  9    XL:     2   Next: 45%
Magic:  2/2        EV: 14    Int: 12    God:
Gold:   25         SH:  0    Dex: 15    Spells: 1/1 levels left

rFire    . . .     SeeInvis .   b - +0 short sword
rCold    . . .     Gourm    .   (shield restricted)
rNeg     . . .     Faith    .   c - +0 leather armour
rPois    .         Spirit   .   (no helmet)
rElec    .         Reflect  .   (no cloak)
rCorr    .         Harm     .   (no gloves)
MR       .....                  (no boots)
Stlth    ++........             (no amulet)
HPRegen  0.06/turn              (no ring)
MPRegen  0.08/turn              (no ring)

@: no status effects
A: small, carnivore
a: no special abilities


You were on level 1 of the Dungeon.
You were not hungry.

You visited 1 branch of the dungeon, and saw 1 of its levels.

You collected 25 gold pieces.

Inventory:

Hand Weapons
 a - a +1 hand crossbow
 b - a +0 short sword (weapon)
Missiles
 d - 20 bolts
Armour
 c - a +0 leather armour (worn)
Comestibles
 f - 5 rations


   Skills:
 + Level 2.4 Fighting
 * Level 1.8 Short Blades
 - Level 4.8 Crossbows
 - Level 2.4 Dodging
 + Level 2.0 Stealth


You had one spell level left.
You didn't know any spells.
Your spell library was empty.

Dungeon Overview and Level Annotations

Branches:
Dungeon (1/15)

Altars:


Innate Abilities, Weirdness & Mutations

You are small and have problems with some larger weapons.
You are carnivorous and can eat meat at any time.


Message History

The kobold completely misses you. The jackal closely misses you. x2
You hit the jackal.
The jackal is almost dead.
The jackal barely misses you. The kobold closely misses you.
The jackal barely misses you. The jackal closely misses you.
You hit the jackal.
You kill the jackal!
The jackal bites you but does no damage.
The kobold barely misses you. The jackal misses you. The kobold misses you.
The jackal barely misses you.
You see here a jackal corpse.
The jackal misses you. The kobold hits you but does no damage.
The goblin hits you with a +0 club.
* * * LOW HITPOINT WARNING * * *
The jackal bites you but does no damage.
There is a stone staircase leading down here.
You hit the kobold but do no damage. The kobold barely misses you.
You hit the kobold but do no damage.
The kobold hits you with a +0 short sword.
You die...

###....########.###.....
#.#.## ##.....#^#.....
#.#.# ##.....#####....
#.#.# #.....##...##...
###.#.# #...K..'.>.##†..
#.....# #.....##...##...
#.....# #....####.#####.
#.....###g...##d#.#X# ##
#......@Kh...####.######
#.###.###....##d#...#D##
##.# #.# #....######.###
#..# #.# #....## #X#.#^#
#.####.###..>..# ###.###
#..............# #*#.#^#
######.###.....#####.###
#..# ##....##D#..#X#
##########.##
##....####.####


You could see a jackal, a goblin and 2 kobolds.

Vanquished Creatures
  A dart slug (D:1)
  A leopard gecko (D:1)
  A giant cockroach (D:1)
  A goblin (D:1)
  A jackal (D:1)
  A bat (D:1)
  2 kobolds (D:1)
  2 rats (D:1)
10 creatures vanquished.

Notes
Turn   | Place    | Note
-------+----------+-------------------------------------------
     0 | D:1      | nightchill the Kobold Hunter began the quest for the Orb.
     0 | D:1      | Reached XP level 1. HP: 12/12 MP: 1/1
     0 | D:1      | Noticed an ice dragon
     0 | D:1      | Noticed a tentacled monstrosity
     1 | D:1      | Noticed an orb of fire
     3 | D:1      | Noticed an iron dragon
     6 | D:1      | Noticed an ice dragon
     7 | D:1      | Noticed a large abomination
     8 | D:1      | Noticed an iron dragon
     9 | D:1      | Noticed a green draconian
    11 | D:1      | Noticed an iron dragon
    13 | D:1      | Noticed a shadow dragon
    13 | D:1      | Noticed a tentacled monstrosity
    15 | D:1      | Noticed a large abomination
    15 | D:1      | Noticed an orb of fire
    17 | D:1      | Noticed a purple draconian
    17 | D:1      | Noticed a large abomination
    19 | D:1      | Noticed a black draconian
    19 | D:1      | Noticed a shadow dragon
   103 | D:1      | Reached skill level 1 in Short Blades
   103 | D:1      | Reached XP level 2. HP: 13/18 MP: 2/2
   426 | D:1      | Slain by a kobold

Levels and vault maps discovered:
D:1:      shiori_arrival_whats_in_store_for_you, layout_rooms

Skill      XL: |  1  2 |
---------------+-------+-----
Short Blades   | 1 |  1.8
Stealth        | 2 |  2.0
Fighting       | |  2.4
Crossbows      | |  4.8
Dodging        | |  2.4

Action                   || total
-------------------------++-------
Melee: Short sword       ||    41
  Use: Scroll            ||     1
  Eat: Chunk             ||     2
Armor: Leather armour    ||    13
Dodge: Dodged            ||    50
